 Dungeon Crawl Stone Soup version 0.25.1-1-g288607f5aa (webtiles) character file.

Game seed: 10376457263634097744

329 Ijustatesigmund the Chopper (level 6, -3/43 HPs)
             Began as an Octopode Fighter on July 23, 2020.
             Slain by a gnoll
             ... wielding a +0 halberd
              (14 damage)
             ... on level 4 of the Dungeon.
             The game lasted 00:04:48 (3890 turns).

Ijustatesigmund the Chopper (Octopode Fighter)      Turns: 3890, Time: 00:04:49

Health: -3/43      AC:  1    Str: 15    XL:     6   Next: 51%
Magic:  6/6        EV: 13    Int: 11    God:
Gold:   199        SH:  9    Dex: 19    Spells: 5/5 levels left

rFire    . . .     SeeInvis .   a - +2 war axe
rCold    . . .     Gourm    .   b - +0 kite shield
rNeg     . . .     Faith    .   (helmet restricted)
rPois    .         Spirit   .   (no amulet)
rElec    .         Reflect  .   (no ring)
rCorr    .         Harm     .   k - +6 ring of dexterity
MR       .....                  (no ring)
Stlth    ++++......             (no ring)
HPRegen  0.14/turn              (no ring)
MPRegen  0.10/turn              (no ring)
                                (no ring)
                                (no ring)

@: no status effects
A: almost no armour, stealthy swim, amphibious, 8 rings, constrict 8, camouflage
1, gelatinous body 1
a: no special abilities


You were on level 4 of the Dungeon.
You were not hungry.

You visited 1 branch of the dungeon, and saw 4 of its levels.

You collected 199 gold pieces.

Inventory:

Hand Weapons
 a - a +2 war axe (weapon)
Armour
 b - a +0 kite shield (worn)
Jewellery
 k - a +6 ring of dexterity (right tentacle)
Scrolls
 e - a scroll of enchant weapon
 h - a scroll of remove curse
Potions
 c - a potion of might
 g - a potion of heal wounds
 i - a potion of flight
 j - a potion of curing {unknown}
 l - a potion of berserk rage
 m - a potion of magic {unknown}
 n - a potion of lignification {unknown}
Comestibles
 d - 13 rations
 f - 5 chunks of flesh


   Skills:
 + Level 4.2 Fighting
 + Level 5.1 Axes
 + Level 3.2 Dodging
 - Level 3.0 Stealth
 + Level 3.2 Shields


You had 5 spell levels left.
You didn't know any spells.
Your spell library was empty.

Dungeon Overview and Level Annotations

Branches:
Dungeon (4/15)
 Temple: D:4-7

Altars:
Okawaru


Innate Abilities, Weirdness & Mutations

You cannot wear most types of armour.
You are very stealthy in the water. (Stealth+)
You are amphibious.
You can wear up to eight rings at the same time.
You can use your tentacles to constrict eight enemies at once.
Your skin changes colour to match your surroundings (Stealth+).
Your rubbery body absorbs attacks. (AC +1, EV +1)


Message History

The gnoll sergeant hits you with a +0 spear.
* * * LOW HITPOINT WARNING * * *
You feel much better.
You constrict the gnoll sergeant, but do no damage.
The gnoll hits you from afar with a +0 halberd.
The gnoll sergeant completely misses you.
You hit the gnoll sergeant but do no damage.
You squeeze the gnoll sergeant, but do no damage.
The gnoll sergeant is severely wounded.
You constrict the gnoll sergeant. You block the gnoll sergeant's attack.
The gnoll hits you from afar with a +0 halberd!
The gnoll sergeant hits you with a +0 spear!
* * * LOW HITPOINT WARNING * * *
You slash the gnoll sergeant!
The gnoll sergeant is almost dead.
You constrict the gnoll sergeant.
You kill the gnoll sergeant!
You block the gnoll's attack.
The gnoll hits you from afar with a +0 halberd!
You die...

............##..#.........
#......<..####..#.........
#.........####..###.#.....
#...............# #.......
#[.......#.###.######.....
#........+............(...
#........#..##.#######....
#.......<#........#>..(...
#####.###@........#.......
#.###).(......###....#
#.g.g.........# #...#.
..%.%g##.........# ##...#
..g.. #.........# #..#.
.... #.....>...# ###.# .)g
#........## ##. .g
#........# #.# g
#.....)..# ##.


You could see a gnoll.

Vanquished Creatures
  A gnoll sergeant (D:4)
  A hound (D:4)
  A worker ant (D:4)
  A hound skeleton (D:4)
  4 gnolls
  8 adders
  A worm (D:3)
  2 dart slugs (D:1)
  4 leopard geckos
  3 orcs
  6 giant cockroaches
  14 goblins
  5 hobgoblins
  6 jackals (D:3)
  9 kobolds
  5 bats
  4 frilled lizards
  7 rats
82 creatures vanquished.

Notes
Turn   | Place    | Note
-------+----------+-------------------------------------------
     0 | D:1      | Ijustatesigmund the Octopode Fighter began the quest for
                  | the Orb.
     0 | D:1      | Reached XP level 1. HP: 16/16 MP: 1/1
    66 | D:1      | Reached XP level 2. HP: 21/21 MP: 2/2
   136 | D:1      | Reached skill level 3 in Axes
   257 | D:1      | Reached XP level 3. HP: 26/26 MP: 3/3
  1199 | D:2      | Reached skill level 1 in Stealth
  1332 | D:2      | Reached XP level 4. HP: 30/31 MP: 4/4
  1502 | D:2      | Reached skill level 4 in Axes
  2496 | D:3      | Found an iron altar of Okawaru.
  2517 | D:3      | Reached XP level 5. HP: 17/36 MP: 5/5
  2824 | D:3      | Found a faded altar of an unknown god.
  3699 | D:4      | Reached skill level 5 in Axes
  3699 | D:4      | Reached XP level 6. HP: 33/43 MP: 6/6
  3890 | D:4      | Slain by a gnoll

Illustrated notes

Levels and vault maps discovered:
D:1:      minmay_arrival_split_and_join, layout_basic, minivault_25
D:2:      layout_basic
D:3:      minmay_diamond_boxcup, layout_basic, chequers_ecumenical_altar_simple,
          minmay_misc_feat_square, okawaru_altar_gauntlet_db
D:4:      layout_basic, temple_pool_b, serial_shops, nicolae_shop_behind_doors,
          first_ration, minivault_23

Skill      XL: |  1  2  3  4  5 |
---------------+----------------+-----
Axes           | 3 4 5 |  5.1
Stealth        | 1 2 3 |  3.0
Fighting       | 4 |  4.2
Dodging        | |  3.2
Shields        | |  3.2

Action                   |  1- 3 |  4- 6 || total
-------------------------+-------+-------++-------
Melee: War axe           |    52 |   111 ||   163
       Constrict         |    13 |    32 ||    45
       Tentacles         |     6 |    26 ||    32
  Use: Scroll            |     4 |     4 ||     8
       Potion            |     1 |     1 ||     2
 Stab: Sleeping          |     2 |     8 ||    10
       Distracted        |       |     1 ||     1
  Eat: Chunk             |     1 |     8 ||     9
Armor: Skin              |       |     5 ||     5
Dodge: Dodged            |    18 |    48 ||    66
Block: Kite shield       |    19 |    52 ||    71
